 Dungeon Crawl Stone Soup version 0.27.1-1-g398f81649c (webtiles) character file.

Game seed: 4728670453059495708

264 speeev33 the Skirmisher (level 6, 0/56 HPs)
             Began as a Hill Orc Fighter on Sept 13, 2021.
             Succumbed to an orc wizard's poison
             ... on level 3 of the Dungeon.
             The game lasted 00:03:13 (2243 turns).

speeev33 the Skirmisher (Hill Orc Fighter)          Turns: 2243, Time: 00:03:14

Health: 0/56       AC: 14    Str: 21    XL:     6   Next: 19%
Magic:  6/6        EV:  4    Int:  8    God:
Gold:   119        SH:  9    Dex: 10    Spells: 5/5 levels left

rFire    . . .     SeeInvis .   a - +0 war axe
rCold    . . .     Faith    .   c - +0 kite shield
rNeg     . . .     Spirit   .   e - +1 plate armour
rPois    .         Reflect  .   k - +0 helmet
rElec    .         Harm     .   (no cloak)
rCorr    .         Rampage  .   (no gloves)
Will     .....                  (no boots)
Stlth    ..........             (no amulet)
HPRegen  0.18/turn              (no ring)
MPRegen  0.10/turn              (no ring)

@: lethally poisoned (0 -> -10)
A: no striking features
a: no special abilities


You were on level 3 of the Dungeon.
You visited 1 branch of the dungeon, and saw 3 of its levels.

You collected 119 gold pieces.

Inventory:

Hand Weapons
 a - a +0 war axe (weapon)
 j - a +0 flail
Missiles
 l - 3 silver javelins (quivered)
Armour
 c - a +0 kite shield (worn)
 e - a +1 plate armour (worn)
 k - a +0 helmet (worn)
Scrolls
 b - a scroll of enchant armour
 f - 2 scrolls of teleportation
 g - a scroll of acquirement
Potions
 d - a potion of might
 h - a potion of curing
 i - a potion of mutation {unknown}
 m - a potion of ambrosia {unknown}


   Skills:
 + Level 5.1 Fighting
 + Level 4.7 Axes
 + Level 4.6 Armour
 + Level 4.6 Shields


You had 5 spell levels left.
You didn't know any spells.
Your spell library was empty.

Dungeon Overview and Level Annotations

Branches:
Dungeon (3/15)

Altars:
Sif Muna


Message History

You kill the orc!
Items here: )) [ †.
You barely miss something.
Something hits you but does no damage. x2
You are poisoned.
You closely miss something.
You feel very sick. Something hits you but does no damage.
You are more poisoned.
You completely miss something.
You feel very sick. Something completely misses you.
Something hits you but does no damage.
You are more poisoned.
You miss something.
You feel very sick. Something hits you but does no damage.
You are more poisoned.
You slash something!
You feel extremely sick. Something hits you.
You hit something but do no damage.
You feel very sick. Something hits you but does no damage.
You are more poisoned.
You block something's attack.
You barely miss something.
You feel extremely sick.
You hear some strange, mumbled words.
A magic dart appears from out of thin air!
The magic dart hits you!
* * * LOW HITPOINT WARNING * * *
You slash something!
Reactivating autopickup.
You feel a bit more experienced.
* * * LOW HITPOINT WARNING * * *
You feel very sick.
* * * LOW HITPOINT WARNING * * *
You feel very sick.
Things that are here:
a +0 dagger of venom; a +0 robe; an orc corpse You die...

#.##....)..>.....#
#.###.##..........#..#
#(............##.##...
#####.#####...##..##.#
#.# #...###.##.# #.#
##### #)##.# #)#
#)##.# #)# #.##.. #@#
#.#### #.# #.# #..
#.#### #### #.....
######


There were no monsters in sight!

Vanquished Creatures
  A scorpion (D:3)
  A hound (D:2)
  Jessica (D:3)
  An orc wizard (D:3)
  4 gnolls (D:3)
  3 adders
  2 dart slugs (D:3)
  2 orcs (D:3)
  6 bats
  4 endoplasms
  4 giant cockroaches
  3 goblins
  4 hobgoblins
  3 jackals (D:2)
  2 quokkas (D:1)
  A ball python (D:1)
  A frilled lizard (D:1)
  4 kobolds
  4 rats
51 creatures vanquished.

Notes
Turn   | Place    | Note
-------+----------+-------------------------------------------
     0 | D:1      | speeev33 the Hill Orc Fighter began the quest for the Orb.
     0 | D:1      | Reached XP level 1. HP: 19/19 MP: 1/1
   122 | D:1      | Identified a scroll of acquirement
   160 | D:1      | Reached XP level 2. HP: 27/27 MP: 2/2
   415 | D:2      | Reached skill level 4 in Fighting
   503 | D:2      | Reached XP level 3. HP: 13/33 MP: 3/3
   705 | D:2      | Reached XP level 4. HP: 40/40 MP: 4/4
  1654 | D:3      | Noticed Jessica
  1662 | D:3      | Found a shimmering blue altar of Sif Muna.
  1674 | D:3      | Killed Jessica
  1675 | D:3      | Reached XP level 5. HP: 41/47 MP: 5/5
  1824 | D:3      | Found a faded altar of an unknown god.
  1972 | D:3      | Reached skill level 5 in Fighting
  1972 | D:3      | Reached XP level 6. HP: 21/56 MP: 6/6
  2242 | D:3      | HP: 1/56 [poisoned by an orc wizard]
  2243 | D:3      | Succumbed to an orc wizard's poison

Illustrated notes

Levels and vault maps discovered:
D:1:      minmay_arrival_semitransparent, layout_basic, st_stairs_2,
          minmay_pentomino_u2
D:2:      layout_loops_cross
D:3:      layout_loops_ring, tgw_sif, basic_ecumenical_altar,
          hangedman_abyss_or_decor_lesser_grid

Skill      XL: |  1  2  3  4  5 |
---------------+----------------+-----
Axes           | 3 4 |  4.7
Fighting       | 4 5 |  5.1
Armour         | 4 |  4.6
Shields        | 4 |  4.6

Action                   |  1- 3 |  4- 6 || total
-------------------------+-------+-------++-------
Melee: War axe           |    70 |   113 ||   183
Throw: Javelin           |       |     1 ||     1
  Use: Scroll            |     3 |       ||     3
Armor: Plate armour      |    62 |    96 ||   158
Dodge: Dodged            |    12 |    16 ||    28
Block: Kite shield       |    46 |    63 ||   109
